 Dungeon Crawl Stone Soup version 0.19-a0-1268-g6c5d9f8 (webtiles) character file.

155 Ijustatesigmund the Sneak (level 5, 0/36 HPs)
             Began as an Octopode Assassin on Aug 29, 2016.
             Succumbed to a worker ant's poison
             ... on level 3 of the Dungeon.
             The game lasted 00:05:30 (1692 turns).

Ijustatesigmund the Sneak (Octopode Assassin)       Turns: 1692, Time: 00:05:31

Health: 0/36       AC:  1    Str: 10    XL:     5   Next: 37%
Magic:  14/14      EV: 14    Int: 13    God:
Gold:   74         SH:  0    Dex: 15    Spells: 1 memorised, 2 levels left

rFire  + . .     SeeInvis .     a - +3 dagger
rCold  . . .     Gourm    .     (no shield)
rNeg   . . .     Faith    .     (helmet restricted)
rPois  .         Spirit   .     (no amulet)
rElec  .         Dismiss  .     l - ring of magical power
rCorr  .         Reflect  .     o - ring of protection from fire
MR     .....     Harm     .     (no ring)
Stlth  +++++.....               (no ring)
                                (no ring)
                                (no ring)
                                (no ring)
                                (no ring)

@: lethally poisoned (0 -> -19)
A: almost no armour, stealthy swim, amphibious, 8 rings, constrict 8, camouflage
1, gelatinous body 1
a: no special abilities


You were on level 3 of the Dungeon.
You were not hungry.

You visited 1 branch of the dungeon, and saw 4 of its levels.

You collected 74 gold pieces.

Inventory:

Hand Weapons
 a - a +3 dagger (weapon)
 b - a +0 blowgun
Missiles
 c - 21 poisoned needles
 d - 2 curare-tipped needles
Jewellery
 l - a ring of magical power (left tentacle)
 o - a ring of protection from fire (right tentacle)
 q - an uncursed amulet of dismissal
Scrolls
 e - a scroll of enchant weapon
 h - a scroll of identify
 m - a scroll of immolation
 n - a scroll of remove curse
Books
 t - a book of Maledictions

   Spells                             Type                      Level
   a - Corona                         Hexes                        1
   b - Ensorcelled Hibernation        Hexes/Ice                    2
   c - Confuse                        Hexes                        3
   d - Tukima's Dance                 Hexes                        3
   e - Dazzling Spray                 Conjuration/Hexes            3
Comestibles
 f - a bread ration
 g - a meat ration
 i - a beef jerky
 k - a slice of pizza
 p - 4 fruits
 r - 4 chunks of flesh


   Skills:
 + Level 2.9 Fighting
 + Level 3.0 Short Blades
 + Level 3.1 Throwing
 + Level 2.2 Dodging
 + Level 6.0 Stealth


You had 2 spell levels left.
You knew the following spells:

 Your Spells              Type           Power        Failure   Level  Hunger
a - Ensorcelled Hibernat  Hex/Ice        #.....       47%         2    ###....


Dungeon Overview and Level Annotations

Branches:
Dungeon (4/15)
 Temple: D:4-7

Altars:


Innate Abilities, Weirdness & Mutations

You cannot wear most types of armour.
You are very stealthy in the water.
You are amphibious.
You can wear up to eight rings at the same time.
You can use your tentacles to constrict eight enemies at once.
Your skin changes colour to match your surroundings (Stealth+).
Your rubbery body absorbs attacks. (AC +1, EV +1)


Message History

You squeeze the worker ant, but do no damage.
The worker ant is severely wounded.
You constrict the worker ant. The worker ant bites you.
* * * LOW HITPOINT WARNING * * *
You are lethally poisoned!
The worker ant poisons you!
You barely miss the worker ant.
The worker ant is almost dead.
You constrict the worker ant, but do no damage.
* * * LOW HITPOINT WARNING * * *
You feel sick. The worker ant bites you.
* * * LOW HITPOINT WARNING * * *
You are more poisoned.
The worker ant poisons you!
You hit the worker ant.
The worker ant is almost dead.
You constrict the worker ant.
You kill the worker ant!
Your Short Blades skill increases to level 3!
You die...

♣♣♣♣♣###.########
##........#
########.#.#####.#
#.#...##.#.#####.###
......#...........#
#...####.#####.#.#
#># #.#####.#.#
#†#####.......#.#
#@#...†...#####.#
#.#.......# #.##
##.#.......#####..#
##..........##......
#.....<.....##.###.#
.............##.###.#
(#...........##.##..#
.
......#########.##.##
### .##########
#.##)##


There were no monsters in sight!

Vanquished Creatures
  Crazy Yiuf (D:3)
  A hound (D:3)
  A worker ant (D:3)
  A worm (D:2)
  3 dart slugs
  A giant gecko (D:1)
  3 orcs
  A giant cockroach (D:1)
  13 goblins
  7 hobgoblins
  6 kobolds
  4 quokkas
  8 bats
  A giant gecko skeleton (D:3)
  4 giant newts
  A rat (D:2)
56 creatures vanquished.

Notes
Turn   | Place    | Note
-------+----------+-------------------------------------------
     0 | D:1      | Ijustatesigmund the Octopode Assassin began the quest for the Orb.
     0 | D:1      | Reached XP level 1. HP: 14/14 MP: 1/1
    87 | D:1      | Reached XP level 2. HP: 19/19 MP: 2/2
   543 | D:1      | Reached XP level 3. HP: 24/24 MP: 3/3
  1292 | D:2      | Reached XP level 4. HP: 24/30 MP: 4/4
  1528 | D:3      | Found a runed door.
  1533 | D:3      | Noticed Crazy Yiuf
  1548 | D:3      | Killed Crazy Yiuf
  1632 | D:3      | Learned a level 2 spell: Ensorcelled Hibernation
  1670 | D:4      | HP: 1/30 [hound (5)]
  1682 | D:3      | Reached skill level 6 in Stealth
  1682 | D:3      | Reached XP level 5. HP: 21/36 MP: 5/5
  1692 | D:3      | Succumbed to a worker ant's poison

Vault maps used:
D:1:      tarquinn_simple_flora_water_b
D:3:      kennysheep_okawaru_gauntlet, uniq_crazy_yiuf_cottage
D:4:      marbit_many_paths, first_bread

Skill      XL: |  1  2  3  4  5 |
---------------+----------------+-----
Dodging        | 2 |  2.2
Throwing       | 3 |  3.1
Stealth        | 6 |  6.0
Short Blades   | 3 |  3.0
Fighting       | |  2.9

Action                   |  1- 3 |  4- 6 || total
-------------------------+-------+-------++-------
Melee: Dagger            |    73 |    30 ||   103
       Tentacles         |     9 |     4 ||    13
       Constrict         |    17 |     4 ||    21
 Fire: Blowgun           |       |     7 ||     7
  Use: Scroll            |     9 |       ||     9
       Potion            |       |     2 ||     2
 Stab: Sleeping          |    21 |     2 ||    23
       Distracted        |     1 |       ||     1
  Eat: Chunk             |     1 |     1 ||     2
Armor: Skin              |     2 |       ||     2
Dodge: Dodged            |    24 |    24 ||    48
